Map: Ruins of Seras

Players

Bop

  • Race: Terran Terran

newkirk - Winner!

  • Race: Protoss Protoss

VOD

Have the link to the VOD?

Description

Time

  • Played on: May 2, 2015, 7:33 p.m.
  • Length: 16:40
Show
View Real Time Build Order
Export as new Build Order

Bop Terran 

Build Orders: MMM Bio 

Get SALT Encoding   

  12  0:00  SCV  
  13  0:13  SCV  
  14  0:18  Supply Depot  
  14  0:25  SCV  
  15  0:39  SCV  
  15  0:41  Barracks  
  16  0:44  Refinery  
  16  0:51  SCV  
  17  1:04  SCV  
  18  1:16  SCV  
  19  1:28  Orbital Command  
  19  1:29  Supply Depot, Reaper  
  20  1:43  Refinery  
  20  1:44  Barracks  
  20  1:54  SCV  
  22  2:01  Reaper  
  22  2:06  SCV  
  23  2:19  SCV  
  24  2:25  Bunker  
  23  2:31  SCV  
  23  2:33  Reaper  
  25  2:38  Barracks Tech Lab  
  25  2:43  SCV  
  26  2:55  SCV  
  27  2:58  Command Center  
  27  3:02  Marauder  
  27  3:05  Reaper  
  30  3:07  SCV  
  31  3:25  SCV, Marauder  
  34  3:38  Factory  
  34  3:39  SCV  
  35  3:44  Stimpack  
  34  3:58  Barracks Reactor  
  34  4:02  SCV  
  34  4:11  Orbital Command  
  34  4:12  Factory  
  34  4:14  SCV  
  37  4:17  Marauder  
  37  4:26  SCV  
  38  4:33  Starport  
  38  4:36  Factory Tech Lab  
  38  4:38  SCV  
  39  4:46  Orbital Command  
  39  4:51  SCV  
  37  5:02  Factory Tech Lab  
  37  5:15  Medivac  
  39  5:28  Marauder, Marine x2  
  40  5:29  Cyclone x2  
  40  5:31  SCV x2  
  47  5:43  SCV x2  
  47  5:46  Combat Shields, Marine x2  
  47  5:48  Refinery  
  53  5:50  Marauder  
  53  5:52  Refinery  
  53  5:55  SCV  
  52  5:57  SCV  
  53  6:08  SCV  
  53  6:09  Missile Turret  
  53  6:10  Missile Turret  
  54  6:17  Fusion Core  
  54  6:22  SCV x2, Supply Depot  
  54  6:24  Supply Depot  
  56  6:33  Marauder, Marine x2  
  56  6:34  SCV x2  
  62  6:44  Cyclone  
  62  6:46  SCV x2, Supply Depot  
  67  6:47  Cyclone  
  67  6:48  Supply Depot  
  70  6:58  SCV x2  
  72  7:02  Marauder  
  72  7:05  Unknown  
  74  7:10  Marine x2  
  78  7:16  Cyclone  
  78  7:21  Command Center  
  63  7:22  Medivac  
  81  7:30  Engineering Bay  
  81  7:34  Armory  
  81  7:37  Marauder, Marine x2  
  81  7:41  SCV  
  81  7:42  SCV  
  87  7:49  Cyclone  
  90  7:56  Medivac  
  90  7:58  Marine x2  
  93  8:04  Supply Depot  
  94  8:06  Supply Depot  
  94  8:08  Terran Infantry Weapons Level 1  
  94  8:12  Marauder  
  89  8:20  Cyclone  
  89  8:24  SCV x2  
  94  8:27  Barracks  
  94  8:29  Marine x2  
  94  8:34  Cyclone  
  99  8:41  Orbital Command  
  99  8:45  Missile Turret  
  99  8:46  Terran Vehicle and Ship Weapons Level 1, Refinery x2  
  99  9:01  Marauder, Marine x2  
  96  9:05  Orbital Command  
  88  9:16  Cyclone x2  
  94  9:18  Marine  
  94  9:19  Marine  
  94  9:22  Marauder  
  92  9:24  Concussive Shells  
  84  9:34  Barracks Tech Lab  
  84  9:36  SCV x3  
  84  9:42  Marine  
  84  9:43  Marine  
  88  9:45  Marauder  
  88  9:46  Starport Reactor  
  88  9:48  SCV  
  88  9:51  Barracks  
  88  9:52  Barracks  
  89  9:55  Marauder  
  89  9:58  SCV x2  
  96  10:00  Cyclone x2  
  99  10:09  Marauder, Marine x2  
  99  10:12  Supply Depot  
  99  10:13  Supply Depot, Terran Infantry Weapons Level 2  
  103  10:18  Marauder  
  103  10:21  Supply Depot  
  105  10:23  Medivac  
  105  10:25  Medivac  
  110  10:28  SCV  
  110  10:30  Marauder  
  112  10:36  Marine  
  112  10:37  Marine  
  112  10:38  Barracks Tech Lab  
  112  10:39  Barracks Tech Lab, Marauder  
  116  10:45  Command Center  
  116  10:48  Cyclone  
  119  10:52  Marauder  
  119  10:54  Terran Vehicle and Ship Weapons Level 2, Marine x2  
  123  11:00  Marauder  
  123  11:09  Bunker  
  123  11:10  Infernal Pre-Igniter  
  123  11:13  Marauder  
  123  11:16  Factory  
  127  11:18  Marauder, Marine x2  
  127  11:19  Marauder  
  127  11:22  Marauder  
  133  11:27  Supply Depot  
  133  11:28  Cyclone  
  133  11:30  Supply Depot  
  136  11:33  Cyclone  
  136  11:34  Marine  
  136  11:36  Marine  
  141  11:40  Supply Depot  
  141  11:44  Marauder x3  
  147  11:52  Marauder  
  147  11:53  Marine  
  150  11:59  Marine  
  151  12:06  Marauder x3  
  151  12:07  Factory Reactor  
  151  12:08  Hellbat x2  
  161  12:11  Marine  
  118  12:18  Marine  
  118  12:19  Marauder  
  97  12:26  Marine  
  97  12:27  Marauder, Marine  
  97  12:28  Marine  
  81  12:34  Medivac x2  
  81  12:36  Marine  
  79  12:40  Marauder  
  81  12:44  Marine  
  81  12:45  Orbital Command, Marauder  
  84  12:52  Marauder, Marine  
  84  12:53  Cyclone, Hellbat x2  
  84  12:54  Marine  
  84  12:56  Missile Turret  
  84  12:57  Missile Turret  
  95  13:00  Missile Turret  
  95  13:01  Marauder  
  95  13:02  Marine  
  98  13:11  Cyclone  
  98  13:12  Missile Turret  
  101  13:19  Terran Infantry Weapons Level 3  
  101  13:21  Orbital Command  
  103  13:34  Marauder x2, Marine x3  
  103  13:38  Marine  
  109  13:52  Marine  
  110  14:02  Marauder x2  
  84  14:19  Marine  
  84  14:20  Marauder x2  
  84  14:24  SCV x4, Marauder  
  69  14:28  Cyclone  
  67  14:40  Hellbat x2  
  68  14:46  Hellbat  
  68  14:51  Marine x2  
  60  14:53  Marauder x2  
  60  14:57  SCV x3  
  56  15:00  Cyclone  
  56  15:07  Cyclone  
  58  15:18  Hellbat x2  
  58  15:19  Marauder x4  
  70  15:23  Orbital Command  
  70  15:32  Medivac  
  70  15:34  Marine  
  70  15:35  Marine  
  77  15:39  Hellbat  
  77  15:40  Marauder x2, Marine x2  
  89  15:57  Marine  
  89  15:58  Marauder x2  
  89  16:01  Marauder  
  89  16:02  Widow Mine x3, Marauder  
  97  16:04  Widow Mine  
  97  16:08  Marine  
  100  16:15  Marine  
  100  16:18  Missile Turret  
Show
View Real Time Build Order
Export as new Build Order

newkirk Protoss - Winner!

Build Orders: Adept Opening, Disruptor Archon 

Get SALT Encoding   

  12  0:01  Probe  
  13  0:16  Pylon  
  13  0:18  Probe  
  14  0:34  Probe  
  15  0:35  Gateway  
  15  0:43  Assimilator  
  15  0:46  Probe  
  16  0:58  Gateway  
  16  1:01  Probe  
  17  1:13  Probe  
  18  1:22  Cybernetics Core  
  18  1:25  Probe  
  18  1:32  Pylon  
  19  1:37  Probe  
  20  1:52  Probe  
  21  1:59  Adept x2 (Chrono Boost)  
  21  2:01  Warp Gate  
  25  2:04  Pylon  
  24  2:19  Adept x2 (Chrono Boost)  
  28  2:38  Stalker  
  30  2:48  Probe  
  30  2:49  Assimilator  
  31  3:00  Nexus  
  31  3:20  Probe (Chrono Boost)  
  31  3:25  Stalker  
  33  3:31  Probe (Chrono Boost)  
  34  3:38  Mothership Core (Chrono Boost)  
  36  3:47  Stalker  
  38  4:11  Probe  
  39  4:24  Probe x2  
  39  4:28  Pylon  
  41  4:36  Probe (Chrono Boost)  
  41  4:37  Probe (Chrono Boost)  
  43  4:39  Robotics Facility  
  44  4:47  Probe x2 (Chrono Boost)  
  45  4:53  Probe (Chrono Boost)  
  45  4:54  Probe (Chrono Boost)  
  47  5:05  Probe (Chrono Boost)  
  47  5:06  Probe (Chrono Boost)  
  49  5:09  Gateway x2  
  49  5:10  Pylon  
  51  5:14  Probe x2 (Chrono Boost)  
  49  5:30  Probe (Chrono Boost)  
  49  5:31  Probe (Chrono Boost)  
  49  5:35  Observer (Chrono Boost), Forge  
  50  5:39  Stalker x2, Pylon  
  50  5:42  Probe (Chrono Boost), Assimilator  
  54  5:43  Probe (Chrono Boost)  
  54  5:44  Assimilator  
  54  6:03  Probe x2 (Chrono Boost)  
  56  6:09  Forge  
  57  6:11  Protoss Ground Weapons Level 1 (Chrono Boost)  
  57  6:12  Probe x2 (Chrono Boost)  
  57  6:17  Robotics Bay  
  58  6:20  Probe (Chrono Boost)  
  58  6:25  Stalker x3  
  66  6:26  Probe (Chrono Boost)  
  66  6:30  Probe (Chrono Boost)  
  65  6:49  Protoss Ground Armor Level 1 (Chrono Boost)  
  65  6:51  Twilight Council, Probe x2  
  65  6:52  Pylon  
  65  6:54  Pylon  
  67  7:03  Probe  
  68  7:09  Stalker, Pylon  
  68  7:10  Stalker  
  76  7:21  Probe x2, Disruptor (Chrono Boost)  
  78  7:28  Nexus, Photon Cannon  
  78  7:33  Pylon  
  78  7:35  Blink (Chrono Boost)  
  78  7:36  Disruptor  
  78  7:40  Probe x2  
  84  7:51  Disruptor  
  84  7:52  Probe  
  84  7:53  Probe  
  86  8:01  Stalker x4  
  88  8:20  Disruptor  
  88  8:22  Probe x2, Disruptor, Pylon  
  88  8:26  Photon Cannon  
  90  8:29  Photon Cannon  
  90  8:30  Gateway  
  90  8:33  Gateway  
  94  8:34  Probe x2  
  94  8:40  Disruptor (Chrono Boost), Pylon  
  96  8:42  Probe  
  96  8:46  Probe  
  96  8:47  Probe  
  98  8:50  Disruptor  
  98  8:54  Probe  
  99  8:58  Probe  
  99  9:01  Stalker x3  
  99  9:02  Stalker  
  96  9:18  Disruptor (Chrono Boost)  
  87  9:33  Stalker  
  87  9:34  Stalker x3  
  87  9:37  Probe x3  
  98  9:40  Assimilator x2  
  98  9:52  Probe x2  
  100  9:53  Protoss Ground Armor Level 2 (Chrono Boost), Protoss Ground Weapons Level 2 (Chrono Boost)  
  100  9:59  Gateway  
  100  10:01  Gateway  
  100  10:02  Gateway  
  100  10:04  Gateway  
  100  10:08  Probe x3  
  100  10:12  Pylon  
  100  10:14  Zealot x3  
  105  10:15  Charge (Chrono Boost)  
  105  10:16  Pylon  
  109  10:23  Nexus  
  109  10:25  Pylon  
  109  10:29  Pylon  
  109  10:30  Dark Shrine  
  109  10:35  Templar Archives  
  109  10:40  Zealot x3  
  115  10:54  Nexus  
  115  10:56  Pylon  
  115  11:01  Pylon  
  115  11:03  Disruptor  
  115  11:06  Zealot  
  115  11:07  Zealot x3  
  121  11:17  Pylon  
  121  11:18  Photon Cannon  
  121  11:22  Photon Cannon  
  121  11:28  Zealot  
  121  11:29  Zealot x6  
  135  11:38  Disruptor x2  
  135  11:44  Assimilator  
  135  11:48  Gateway, Assimilator  
  135  11:49  Dark Templar x2  
  135  11:52  Gateway  
  139  12:03  Zealot x5  
  139  12:06  Gateway  
  112  12:35  Probe x3  
  115  12:39  Disruptor (Chrono Boost)  
  113  12:46  Dark Templar  
  113  12:47  Probe  
  113  12:49  Dark Templar x2  
  120  12:58  Zealot x6  
  123  12:59  Zealot x2  
  123  13:01  Probe x3  
  123  13:03  Robotics Facility  
  123  13:04  Protoss Ground Weapons Level 3 (Chrono Boost)  
  138  13:09  Probe  
  138  13:10  Protoss Ground Armor Level 3 (Chrono Boost)  
  135  13:13  Probe x3  
  142  13:21  Probe, Pylon  
  142  13:23  Disruptor (Chrono Boost)  
  143  13:33  Nexus  
  143  13:34  Probe  
  143  13:36  Disruptor, Pylon  
  143  13:38  Stalker x3  
  143  13:39  Stalker x3, Pylon  
  143  13:40  Stalker  
  158  13:41  Disruptor x2  
  158  13:42  Pylon  
  158  13:43  Stalker  
  158  13:45  High Templar x2  
  158  13:47  High Templar  
  158  13:48  High Templar  
  168  13:55  Archon x2  
  126  14:23  Zealot x3  
  126  14:24  Zealot x7  
  120  14:25  Zealot  
  120  14:26  Zealot  
  132  14:42  Disruptor x2  
  128  14:49  Stalker x7  
  128  14:50  Stalker x4  
  134  15:20  Assimilator  
  134  15:21  Assimilator  
  132  15:22  Photon Cannon  
  132  15:25  Photon Cannon  
  132  15:27  Photon Cannon  
  132  15:29  Photon Cannon  
  132  15:31  Photon Cannon  
  132  15:33  Photon Cannon  
  132  15:35  Photon Cannon  
  132  15:37  Photon Cannon  
  132  15:39  Photon Cannon  
  132  15:41  Gateway  
  140  15:47  Disruptor (Chrono Boost)  
  139  15:51  Disruptor (Chrono Boost)  
  139  15:59  Disruptor  
  139  16:00  Disruptor, Zealot  
  139  16:01  Zealot x7  
  155  16:09  Pylon  
  155  16:17  Pylon  
  153  16:19  Pylon  
  153  16:26  Pylon  
  153  16:27  Pylon  
  153  16:31  Pylon  
  153  16:32  Pylon  
Tags
 
Add a new tag
Caveats
  • Supply blocks, unpowered buildings, or Contaminate may cause inaccurate times.
  • Supply counts are checked every 10 seconds.